 Dungeon Crawl Stone Soup version 0.21-a0-531-gacddea6 (webtiles) character file.

3210 kae the Grappler (level 9, -1/89 HPs)
             Began as a Troll Monk on Dec 13, 2017.
             Slain by a gnoll shaman
             ... wielding a +0 trident
              (8 damage)
             ... in a bailey.
             The game lasted 00:08:36 (6191 turns).

kae the Grappler (Troll Monk)                       Turns: 6191, Time: 00:08:37

Health: -1/89      AC:  6    Str: 21    XL:     9   Next: 65%
Magic:  8/8        EV: 13    Int:  8    God:
Gold:   457        SH:  0    Dex: 15    Spells: 8/8 levels left

rFire    . . .     SeeInvis .     - Unarmed
rCold    . . .     Gourm    +   (no shield)
rNeg     . . .     Faith    .   c - +0 robe of Xouss {rCorr MP-9 Int+2}
rPois    .         Spirit   .   (helmet restricted)
rElec    .         Reflect  .   y - +0 cloak
rCorr    +         Harm     .   (gloves unavailable)
MR       .....                  (boots unavailable)
Stlth    ++........             (no amulet)
HPRegen  0.64/turn              s - ring of magical power
MPRegen  0.11/turn              (no ring)

@: no status effects
A: large, unfitting armour, claws 3, fast metabolism 3, gourmand, regeneration
1, shaggy fur 1, tough skin 2
a: no special abilities


You were in a bailey.
You were very full.

You visited 2 branches of the dungeon, and saw 10 of its levels.
You also visited: Sewer and Bailey.

You collected 457 gold pieces.

Inventory:

Armour
 c - the +0 robe of Xouss (worn) {rCorr MP-9 Int+2}
   (You found it on level 5 of the Dungeon)

   It affects your intelligence (+2).
   It affects your magic capacity (-9).
   It protects you from acid and corrosion.
 y - a +0 cloak (worn)
Jewellery
 s - a ring of magical power (left claw)
Scrolls
 a - a scroll of identify
 d - 4 scrolls of magic mapping
 h - 8 scrolls of teleportation
 m - 4 scrolls of remove curse
Potions
 e - 4 potions of curing
 g - a potion of heal wounds
 k - 2 potions of might
 l - a potion of haste {unknown}
 n - a potion of lignification
 p - 2 potions of magic
 q - a potion of mutation
 r - a potion of ambrosia {unknown}
 v - a potion of flight {unknown}
Comestibles
 b - 6 bread rations
 f - a royal jelly
 o - 2 meat rations
 w - 2 fruits


   Skills:
 + Level 5.6 Fighting
 + Level 4.9 Armour
 + Level 5.6 Dodging
 - Level 1.0 Stealth
 * Level 9.2 Unarmed Combat


You had 8 spell levels left.
You didn't know any spells.

Dungeon Overview and Level Annotations

Branches:
Dungeon (9/15)             Temple (1/1) D:4
   Lair: D:8-11         Orc: D:9-12

Altars:
Ashenzari
Cheibriados
Dithmenos
Elyvilon
Fedhas
Gozag
Hepliaklqana
Kikubaaqudgha
Makhleb
Nemelex Xobeh
Okawaru
Qazlal
Ru
Sif Muna
Trog
Uskayaw
Vehumet
Xom
Yredelemnul
Zin
The Shining One

Shops:
D:6 :

Annotations:
D:8 Erica


Innate Abilities, Weirdness & Mutations

You are too large for most types of armour.
You have claws for hands.
Your metabolism is lightning-fast.
You like to eat raw meat.
Your natural rate of healing is unusually fast.
You are covered in fur. (AC +1)
You have very tough skin. (AC +2)


Message History

* * * LOW HITPOINT WARNING * * *
The gnoll shaman hits you from afar with a trident.
* * * LOW HITPOINT WARNING * * *
You scratch the gnoll sergeant but do no damage.
The gnoll shaman misses you. The gnoll sergeant misses you.
Unknown command.
You feel much better.
The gnoll shaman hits you from afar with a trident!
* * * LOW HITPOINT WARNING * * *
Okay, then.
Okay, then.
Unknown command.
The gnoll shaman hits you with a trident!
* * * LOW HITPOINT WARNING * * *
The gnoll sergeant barely misses you.
The gnoll shaman hits you but does no damage.
The gnoll sergeant hits you with a halberd!
* * * LOW HITPOINT WARNING * * *
The gnoll shaman hits you with a trident!
You die...

♣≈.######'''######.≈♣
♣≈.# .#...# #.≈♣
♣≈#####'#)..# ##≈♣
♣≈#.....#...# ≈♣
♣≈#8....##)## ≈♣
♣≈#....##...## ≈♣
♣≈#...##.....## ≈♣
♣≈#..g#(......# ≈♣
♣≈#.@g#).$8$..#+###≈♣
#.g.#.......#...#
#...##.)...##...#
#....##.).##....#
#8....##'##....8#
#....)#..)#.....#
##....))).'....#
##...#...#...##
#####...#####


You could see a gnoll sergeant and 2 gnoll shamans.

Vanquished Creatures
  A centaur skeleton (D:5)
  Sigmund (D:4)
  2 sky beasts
  2 phantoms
  A necrophage (D:5)
  2 centaurs (D:9)
  5 big kobolds
  2 bullfrogs
  Blork the orc (D:6)
  4 gnoll sergeants (Bailey)
  A wyvern zombie (D:6)
  A scorpion (D:6)
  5 crimson imps
  A bullfrog zombie (D:5)
  3 orc priests
  A bullfrog skeleton (D:5)
  A centaur zombie (D:7)
  3 hounds
  2 jellies
  Crazy Yiuf (D:6)
  2 gnoll shamans (Bailey)
  2 orc wizards
  4 worker ants
  A killer bee zombie (D:9)
  A worker ant zombie (D:3)
  Robin (D:2)
  17 adders
  13 gnolls (Bailey)
  A shadow imp (D:5)
  5 oozes (Sewer)
  4 worms
  3 dart slugs
  4 leopard geckos
  24 orcs
  3 ball pythons
  5 bats
  5 giant cockroaches
  19 goblins
  11 hobgoblins
  12 jackals
  13 kobolds
  6 quokkas
  3 frilled lizards
  A jackal skeleton (D:3)
  11 rats
211 creatures vanquished.

Notes
Turn   | Place    | Note
-------+----------+-------------------------------------------
     0 | D:1      | kae the Troll Monk began the quest for the Orb.
     0 | D:1      | Reached XP level 1. HP: 22/22 MP: 0/0
   150 | D:1      | Reached XP level 2. HP: 25/29 MP: 1/1
   482 | D:2      | Reached XP level 3. HP: 36/36 MP: 2/2
   588 | D:2      | Found an ancient bone altar of Kikubaaqudgha.
   627 | D:2      | Noticed Robin
   644 | D:2      | Reached skill level 1 in Armour
   661 | D:2      | Killed Robin
   661 | D:2      | Reached XP level 4. HP: 25/44 MP: 3/3
   753 | D:2      | Reached skill level 4 in Unarmed Combat
   899 | D:2      | Found a burning altar of Makhleb.
   924 | D:2      | Found a glowing silver altar of Zin.
  1566 | D:3      | Reached XP level 5. HP: 53/53 MP: 4/4
  1748 | D:3      | Found a sparkling altar of Nemelex Xobeh.
  1894 | D:3      | Found an opulent altar of Gozag.
  1894 | D:3      | Found a basalt altar of Yredelemnul.
  2100 | D:3      | Found a glowing golden altar of the Shining One.
  2192 | D:4      | Found a staircase to the Ecumenical Temple.
  2199 | Temple   | Entered the Ecumenical Temple
  2518 | D:4      | Found a glowing drain.
  2544 | Sewer    | Entered a sewer
  2572 | Sewer    | Reached skill level 5 in Unarmed Combat
  2572 | Sewer    | Reached XP level 6. HP: 56/61 MP: 5/5
  2888 | Sewer    | Reached XP level 7. HP: 67/68 MP: 6/6
  3341 | D:4      | Noticed Sigmund
  3347 | D:4      | Killed Sigmund
  3347 | D:4      | Reached skill level 6 in Unarmed Combat
  3791 | D:5      | Entered Level 5 of the Dungeon
  3852 | D:5      | Reached XP level 8. HP: 59/79 MP: 7/7
  3873 | D:5      | Found a stormy altar of Qazlal.
  3906 | D:5      | Reached skill level 7 in Unarmed Combat
  4026 | D:5      | Got a twisted robe
  4037 | D:5      | Identified the +0 robe of Xouss {rCorr MP-9 Int+2} (You found it on level 5 of the Dungeon)
  4765 | D:6      | Noticed Blork the orc
  4774 | D:6      | Killed Blork the orc
  4837 | D:6      | You fall through a shaft!
  4849 | D:7      | Reached skill level 5 in Fighting
  4849 | D:7      | Reached skill level 8 in Unarmed Combat
  4877 | D:6      | Reached skill level 5 in Dodging
  4877 | D:6      | Reached XP level 9. HP: 66/88 MP: 8/8
  4936 | D:6      | Found Viptael's Book Shop.
  5082 | D:6      | Found a runed door.
  5129 | D:6      | Found a shimmering altar of Xom.
  5301 | D:6      | Found a snail-covered altar of Cheibriados.
  5366 | D:6      | Noticed Crazy Yiuf
  5370 | D:6      | Killed Crazy Yiuf
  5619 | D:7      | Found an iron altar of Okawaru.
  5741 | D:7      | You fall through a shaft for 2 floors!
  5869 | D:8      | Noticed Erica
  5924 | D:8      | Found a flagged portal.
  5934 | Bailey   | Entered a bailey
  6101 | Bailey   | Reached skill level 9 in Unarmed Combat
  6191 | Bailey   | Slain by a gnoll shaman

Vault maps used:
D:1:      saegor_arrival_simple_a
D:2:      lemuel_doored_altar, makhleb_grotto_becter, zin_academy, uniq_robin
D:3:      gammafunk_temple_overflow_elements, nicolae_overflow_hidden_temple,
          kennysheep_potato
D:4:      minmay_temple_entry_overgrown, portal_sewer_entry_f,
          roderic_lattice_a, lemuel_another_geyser, uniq_sigmund
D:5:      grunt_qazlal_sundering, first_bread
D:6:      kennysheep_mini, kennysheep_little_box, serial_shops, shop,
          grunt_ministairs_6, st_stairs_7, serial_bayou_pond_d,
          uniq_crazy_yiuf_cottage, uniq_blork_the_orc
D:7:      okawaru_gym_becter
D:8:      enter_bailey_2, serial_shops, shop, uniq_erica
D:9:      old_standard_altar, hiddenorc1_lemuel, uniq_grum
Temple:   jpeg_temple_alley_garden
Sewer:    sewer_co_tree
Bailey:   bailey_polearm_gnolls_kennysheep, bailey

Skill      XL: |  1  2  3  4  5  6  7  8  9 |
---------------+----------------------------+-----
Armour         | 1 2 3 4 |  4.9
Unarmed Combat | 4 5 6 8 9 |  9.2
Fighting       | 3 4 5 |  5.6
Dodging        | 3 4 5 |  5.6
Stealth        | |  1.0

Action                   |  1- 3 |  4- 6 |  7- 9 || total
-------------------------+-------+-------+-------++-------
Melee: Unarmed           |    78 |   194 |   319 ||   591
       Punch             |       |     6 |    14 ||    20
  Use: Scroll            |     3 |     6 |    12 ||    21
       Potion            |       |       |     5 ||     5
 Stab: Sleeping          |       |     4 |     4 ||     8
       Invisible         |       |       |     2 ||     2
       Distracted        |       |       |     1 ||     1
  Eat: Chunk             |     9 |    18 |    34 ||    61
       Fruit             |       |       |     1 ||     1
Armor: Robe              |    18 |    62 |    94 ||   174
Dodge: Dodged            |    41 |    69 |   200 ||   310

Table legend:
 A = Spawn XP
 B = Non-spawn XP
 C = Spawn XP percentage of total XP
 D = Spawn monster count
 E = Non-spawn monster count
 F = Spawn count percentage of total count
 G = Total turns spent on level
                    A         B        C        D         E        F      G
               +---------+---------+-------+---------+---------+-------+---------
         Total |       0 |    4586 |   0.0 |       0 |     211 |   0.0 |  6191
               +---------+---------+-------+---------+---------+-------+---------
           D:1 |       0 |      37 |   0.0 |       0 |      18 |   0.0 |   462
           D:2 |       0 |     149 |   0.0 |       0 |      35 |   0.0 |   772
           D:3 |       0 |     152 |   0.0 |       0 |      27 |   0.0 |   913
           D:4 |       0 |     347 |   0.0 |       0 |      11 |   0.0 |   818
           D:5 |       0 |     822 |   0.0 |       0 |      16 |   0.0 |   742
           D:6 |       0 |     996 |   0.0 |       0 |      30 |   0.0 |   865
           D:7 |       0 |     268 |   0.0 |       0 |      14 |   0.0 |   343
           D:9 |       0 |     585 |   0.0 |       0 |      11 |   0.0 |    99
         Sewer |       0 |     529 |   0.0 |       0 |      28 |   0.0 |   587
        Bailey |       0 |     701 |   0.0 |       0 |      21 |   0.0 |   257
               +---------+---------+-------+---------+---------+-------+---------
